 Dungeon Crawl Stone Soup version 0.29.1-12-g30fa7ad0bf (webtiles) character file.

Game seed: 2574270212638490001

623 wormed the Chopper (level 7, -1/61 HPs)
             Began as a Hill Orc Fighter on Dec 25, 2022.
             Slain by mortz's ghost (7 damage)
             ... on level 4 of the Dungeon.
             The game lasted 00:06:23 (5431 turns).

wormed the Chopper (Hill Orc Fighter)               Turns: 5431, Time: 00:06:23

Health: -1/61      AC: 10    Str: 21    XL:     7   Next: 47%
Magic:  7/7        EV:  9    Int:  8    God:
Gold:   235        SH:  5    Dex: 10    Spells: 6/6 levels left

rFire   . . .      SeeInvis .   a - +0 war axe
rCold   . . .      Faith    .   c - +0 buckler
rNeg    . . .      Spirit   .   b - +0 scale mail
rPois   .          Reflect  .   t - +1 helmet
rElec   .          Harm     .   (no cloak)
rCorr   .          Rampage  .   (no gloves)
Will    .....                   r - +0 pair of boots
Stlth   ..........              (no amulet)
HPRegen 0.20/turn               (no ring)
MPRegen 0.10/turn               (no ring)

@: mighty
A: no striking features
a: no special abilities


You were on level 4 of the Dungeon.
You visited 1 branch of the dungeon, and saw 4 of its levels.

You collected 235 gold pieces.

Inventory:

Hand Weapons
 a - a +0 war axe (weapon)
 x - a +3 flail of protection
Missiles
 s - 2 throwing nets (quivered)
 y - 8 poisoned darts
Armour
 b - a +0 scale mail (worn)
 c - a +0 buckler (worn)
 r - a +0 pair of boots (worn)
 t - a +1 helmet (worn)
Scrolls
 e - 3 scrolls of teleportation {unknown}
 i - 2 scrolls of enchant weapon {unknown}
 j - a scroll of poison {unknown}
 l - 2 scrolls of immolation {unknown}
 m - a scroll of vulnerability {unknown}
 p - a scroll of identify {unknown}
 u - a scroll of brand weapon {unknown}
Potions
 d - a potion of might
 f - 3 potions of magic {unknown}
 g - a potion of ambrosia {unknown}
 h - 2 potions of berserk rage {unknown}
 k - a potion of mutation {unknown}
 n - a potion of brilliance {unknown}
 o - a potion of resistance {unknown}
 q - a potion of curing {unknown}
 v - a potion of attraction {unknown}
 w - a potion of flight {unknown}


   Skills:
 + Level 5.5 Fighting
 * Level 6.9 Axes
 + Level 5.0 Armour
 + Level 5.0 Shields


You had 6 spell levels left.
You didn't know any spells.
Your spell library contained the following spells:

 Spells                   Type           Power      Damage    Failure   Level
 Ensorcelled Hibernation  Hex/Ice        0%         N/A       91%         2
 Passwall                 Tmut/Erth      0%         N/A       91%         2
 Swiftness                Air            0%         N/A       99%         3


Dungeon Overview and Level Annotations

Branches:
Dungeon (4/15)
 Temple: D:4-7

Altars:

Annotations:
D:4 mortz's ghost, amateur GrAK


Message History

You completely miss mortz's ghost.
Mortz's ghost is lightly damaged.
You hit the kobold.
You kill the kobold!
Mortz's ghost hits you.
You hit mortz's ghost.
Mortz's ghost is lightly damaged.
Mortz's ghost hits you.
You slash mortz's ghost!
Mortz's ghost is heavily damaged.
Mortz's ghost hits you.
Mortz's ghost hits you but does no damage.
You feel very mighty all of a sudden.
The kobold shouts!
Mortz's ghost hits you.
* * * LOW HITPOINT WARNING * * *
You hit mortz's ghost.
Mortz's ghost is heavily damaged.
Mortz's ghost hits you.
* * * LOW HITPOINT WARNING * * *
You barely miss mortz's ghost.
Mortz's ghost is heavily damaged.
Mortz's ghost closely misses you.
The kobold throws a stone.
The stone hits you but does no damage.
You hit mortz's ghost but do no damage.
Mortz's ghost is heavily damaged.
Mortz's ghost closely misses you.
You barely miss mortz's ghost.
Mortz's ghost is heavily damaged.
Mortz's ghost hits you but does no damage.
The kobold throws a stone.
The stone hits you but does no damage.
You hit mortz's ghost but do no damage.
Mortz's ghost is heavily damaged.
Mortz's ghost barely misses you.
You hit mortz's ghost.
Mortz's ghost is heavily damaged.
Mortz's ghost hits you.
* * * LOW HITPOINT WARNING * * *
Mortz's ghost hits you!
You die...

.......)##...##...>..)#..###..#..
..##<...##............#.##...##..
.)..).#.................#....#..[
#.....#.............#......###...
#....#....##........#K##...#...#.
..........####.............##....
#........## #...K###...........#.
####....## #..#)###.............
##....# ####@#.............#.
##..## #.W)................ ##.#
#.#..#####...#....#. ###
#.#.##.K.##.###<....
#.#.#.#.#.##......#.
#.#.'..#...#....#...
#...'.....?#.##.#.#.
###.'..#...#.##.....
#.#.#.#.#######...


You could see mortz's ghost and a kobold.

Vanquished Creatures
  Grinder (D:3)
  A scorpion (D:4)
  2 hounds (D:4)
  An orc wizard (D:4)
  Robin (D:3)
  11 adders
  3 gnolls (D:4)
  5 worms
  A dart slug (D:1)
  8 orcs (D:4)
  11 ball pythons
  3 bats
  13 endoplasms
  3 giant cockroaches
  14 goblins
  7 hobgoblins
  16 kobolds
  9 quokkas
  3 frilled lizards
  8 rats
121 creatures vanquished.

Notes
Turn   | Place    | Note
-------+----------+-------------------------------------------
     0 | D:1      | wormed the Hill Orc Fighter began the quest for the Orb.
     0 | D:1      | Reached XP level 1. HP: 19/19 MP: 1/1
   210 | D:1      | Reached skill level 3 in Axes
   427 | D:1      | Reached XP level 2. HP: 25/27 MP: 2/2
   932 | D:1      | Reached XP level 3. HP: 29/33 MP: 3/3
  1491 | D:2      | Reached skill level 4 in Axes
  1667 | D:2      | Reached XP level 4. HP: 36/40 MP: 4/4
  2539 | D:3      | Reached XP level 5. HP: 30/47 MP: 5/5
  3182 | D:3      | Noticed Grinder
  3190 | D:3      | Killed Grinder
  3191 | D:3      | Reached skill level 6 in Axes
  3191 | D:3      | Reached XP level 6. HP: 38/55 MP: 6/6
  3310 | D:3      | Reached skill level 5 in Fighting
  3411 | D:3      | Noticed Robin
  3421 | D:3      | Killed Robin
  3876 | D:4      | Found a runed translucent gate.
  3877 | D:4      | Found a runed translucent gate.
  3877 | D:4      | Noticed mortz's ghost (amateur GrAK)
  3878 | D:4      | Found a runed translucent gate.
  3935 | D:4      | Reached XP level 7. HP: 46/61 MP: 7/7
  4638 | D:4      | Reached skill level 5 in Armour
  4638 | D:4      | Reached skill level 5 in Shields
  5431 | D:4      | Slain by mortz's ghost

Illustrated notes

Levels and vault maps discovered:
D:1:      psy_arrival_radial01, layout_basic
D:2:      kennysheep_big_flooded_room, layout_loops_ring, grunt_ministairs_8,
          grunt_decor_junction, minmay_liquid_box, minmay_misc_feat_room
D:3:      layout_basic, minmay_cupped, uniq_robin, uniq_grinder
D:4:      layout_cave_pools, gammafunk_ghost_nasty_kobolds,
          minmay_misc_feat_hallway, chequers_decorated_corner,
          dk_noncrumbling_3, hex_large, hangedman_decor_opposing, minivault_4,
          minmay_vboxes

Skill      XL: |  1  2  3  4  5  6  7 |
---------------+----------------------+-----
Axes           | 3 4 6 |  6.9
Fighting       | 4 5 |  5.5
Shields        | 4 5 |  5.0
Armour         | 4 5 |  5.0

Action                   |  1- 3 |  4- 6 |  7- 9 || total
-------------------------+-------+-------+-------++-------
Melee: War axe           |    94 |   173 |   107 ||   374
  Use: Potion            |       |     1 |     2 ||     3
 Stab: Distracted        |       |     1 |       ||     1
Armor: Scale mail        |    46 |    70 |    46 ||   162
Dodge: Dodged            |    41 |    79 |    43 ||   163
Block: Buckler           |    19 |    48 |    25 ||    92
